Workbook

Sheet Pivot
A3: Item | B3: Item name | C3: Acct_No | D3: Acct_EName | E3: Description | F3: Sum of Net Trust Amt | G3: Sum of Net Company Amt
A4: 1 | B4: Equity Investment | C4: 14251000 | D4: LT Unquoted Invts | E4: Equity Investment | G4: 9445982.2
A5: 1 Total | G5: 9445982.2
A6: 2 | B6: Securities/Stocks | C6: 14000000 | D6: PurchDebt-TRD-Quo-Aff | E6: Securities/Stocks | G6: 60156147
C7: 14000001 | D7: PreDis-PurDebt-TRD-Quo-Aff | E7: Securities/Stocks | G7: 674085.28
C8: 14009201 | D8: INV-BONDS & NOTES-TRADING | E8: Securities/Stocks | G8: 0
C9: 14021021 | D9: PremDisc Local G(NonSG) BD TRD | E9: Securities/Stocks | G9: 0
A10: 2 Total | G10: 60830232
A11: 3 | B11: Cash on hand | C11: 11021100 | D11: Cash in Hand | E11: Cash on hand | G11: 0
C12: 11021400 | D12: Petty Cash | E12: Cash on hand | G12: 0
A13: 3 Total | G13: 0
A14: 4 | B14: Current Account | C14: 11002414 | D14: BBL Ratchathewi 1233155272 CA | E14: Bangkok Bank Public Company Limited | G14: 5563392.8
C15: 11002415 | D15: BBL Kilosoon 3403016102 CA | E15: Bangkok Bank Public Company Limited | G15: 59815.68
C16: 11002416 | D16: BBL Kilosoon 3403014578 CA | E16: Bangkok Bank Public Company Limited | G16: 460840.9
C17: 11002417 | D17: KBANK SSQ 0261085321 CA | E17: Kasikorn Bank Public Company Limited | G17: 7696320.3
C18: 11002418 | D18: KBANK ATS SSQ 0261100274 CA | E18: Kasikorn Bank Public Company Limited | G18: 3316931
C19: 11002419 | D19: KBANK Wachira 2621032723 CA | E19: Kasikorn Bank Public Company Limited | G19: 926603.25
C20: 11002420 | D20: SCB SSQ 0383068688 CA | E20: Siam Commercial Bank Public Company Limited | G20: 7186425.2
C21: 11002421 | D21: KTB Nana Nua 0006119069 CA | E21: Krung Thai Bank Public Company Limited | G21: 6293330
C22: 11002422 | D22: BAY SSQ 1230039618 CA | E22: Bank of Ayudhya Public Company Limited | G22: 8147794.7
C23: 11002423 | D23: TMB Chonburi 3011029547 CA | E23: TMB Bank Public Company Limited | G23: 43372.97
C24: 11002424 | D24: TBANK MBK 0043003334 CA | E24: Thanachart Bank Public Company Limited | G24: 1000
C25: 11002425 | D25: UOB SSQ 7723010881 CA | E25: United Overseas Bank (Thai) Public Company Limited | G25: 0
C26: 11002426 | D26: TMB Phayathai 0031290299 CA | E26: TMB Bank Public Company Limited | G26: 6271679.3
... C35: 11002435 | D35: SCB Wireless 0493133022 CA DVH | E35: Siam Commercial Bank Public Company Limited | G35: 88263.56
A36: 4 Total | G36: 46899099
A37: 5.1 | B37: Trust Account_saving | C37: 11002436 | D37: TMB Payatai 0032803678 SA Cust | E37: TMB Bank Public Company Limited | F37: 63.32 | G37: 10000
C38: 11002437 | D38: BBL RTW 1234017802 SA Cust | E38: Bangkok Bank Public Company Limited | F38: 2.2351742e-08 | G38: 9550
C39: 11002438 | D39: KBANK SSQ 0262586413 SA Cust | E39: Kasikorn Bank Public Company Limited | F39: 2.0623029e+08 | G39: 10000
C40: 11002439 | D40: SCB SSQ 0382687057 SA Cust | E40: Siam Commercial Bank Public Company Limited | F40: 51600 | G40: 9800
C41: 11002440 | D41: TBANK MBK 0042079691 SA Cust | E41: Thanachart Bank Public Company Limited | F41: 0 | G41: 10000
C42: 11002441 | D42: UOB SSQ 7721638786 SA Cust | E42: United Overseas Bank (Thai) Public Company Limited | F42: 1.0799914e+09 | G42: 0
C43: 11002442 | D43: SCBT ST 00100796311 SA Cus | E43: Standard Chartered Bank (Thai) Public Company Limited | F43: 16355147 | G43: 10000000
C44: 11002443 | D44: SCBT ST00100800939 SA Cus DBSS | E44: Standard Chartered Bank (Thai) Public Company Limited | F44: 0 | G44: 0
C45: 11002444 | D45: SCBT ST 00100797067 SA Cus SGD | E45: Standard Chartered Bank (Thai) Public Company Limited | F45: 0 | G45: 0
C46: 11002445 | D46: SCBT ST 00100797059 SA Cus USD | E46: Standard Chartered Bank (Thai) Public Company Limited | F46: 0 | G46: 0
C47: 11002450 | D47: SCB WLR0492000764840 SA CusUSD | E47: Siam Commercial Bank Public Company Limited | F47: 0 | G47: 0
A48: 5.1 Total | F48: 1.3026285e+09 | G48: 10049350
A49: 5.2 | B49: Trust Account_fix | C49: 11002446 | D49: UOB SSQ 7720633748 FA Cust | E49: United Overseas Bank (Thai) Public Company Limited | F49: 3.0010208e+08 | G49: 0
A50: 5.2 Total | F50: 3.0010208e+08 | G50: 0
A51: 5.3 | B51: Trust Account_current | C51: 11002447 | D51: SCB SSQ 0383076259 CA Subs | E51: Siam Commercial Bank Public Company Limited | F51: 0 | G51: 186084.3
C52: 11002448 | D52: SCB SSQ 0383090619 CA Cust | E52: Siam Commercial Bank Public Company Limited | F52: 836000 | G52: 0
C53: 11002449 | D53: TMB PYT 0031207582 CA Subs | E53: TMB Bank Public Company Limited | F53: 0 | G53: 0
C54: 11002451 | D54: SCB Wireless 0493133048 CA DVC | E54: Siam Commercial Bank Public Company Limited | F54: -3.7252903e-09 | G54: 7859881.1
A55: 5.3 Total | F55: 836000 | G55: 8045965.4
A56: 7 | B56: Saving Account | C56: 11002401 | D56: TMB Phayathai 0032803280 SA | E56: TMB Bank Public Company Limited | G56: 8780056.1
C57: 11002402 | D57: TMB Chonburi 3012274035 SA | E57: TMB Bank Public Company Limited | G57: 633513.89
C58: 11002403 | D58: TMB Ubon 3052302647 SA | E58: TMB Bank Public Company Limited | G58: 1042351.7
C59: 11002404 | D59: BBL Ratchathewi 1230999052 SA | E59: Bangkok Bank Public Company Limited | G59: 10586.84
C60: 11002405 | D60: SCB SSQ 0384035002 SA | E60: Siam Commercial Bank Public Company Limited | G60: 22394512
C61: 11002406 | D61: KTB Nana Nua 0001892479 SA | E61: Krung Thai Bank Public Company Limited | G61: 1000
C62: 11002407 | D62: BAY SSQ 1231335123 SA | E62: Bank of Ayudhya Public Company Limited | G62: 10281.59
C63: 11002408 | D63: TBANK MBK 0042073336 SA | E63: Thanachart Bank Public Company Limited | G63: 5558207
C64: 11002409 | D64: UOB Siam Square 7721200241 SA | E64: United Overseas Bank (Thai) Public Company Limited | G64: 72340888
C65: 11002410 | D65: CIMB Silom 03700274179903 SA | E65: CIMB Thai Bank Public Company Limited | G65: 1922335.4
C66: 11002411 | D66: SCBT Sathorn 00100258352 SA | E66: Standard Chartered Bank (Thai) Public Company Limited | G66: 25010945
C67: 11002412 | D67: CITI BKK 5123921021 SA | E67: Citibank N.A. | G67: 1008633.2
C68: 11002413 | D68: HSBC BKK 001090778980 SA | E68: The Hongkong and Shanghai Banking Coporation Limited | G68: 837667.83
A69: 7 Total | G69: 1.3955098e+08
A70: 8 | B70: Deposit & other account of non-bank cust_App B | C70: 24151000 | D70: Maintenance Mgn-Cust | E70: Customer cash | G70: -2.151415e+08
C71: 25101051 | D71: Margin Trading A/c Deposit | E71: Customer cash | G71: -1.3677525e+08
C72: 25109208 | D72: CLIENT CASH COLLATERAL TRUST | E72: Customer cash | G72: -8.5523755e+08
C73: 25109213 | D73: CLIENT TRUST-IPO CASH DEPOSIT | E73: Customer cash | G73: 0
C74: 25109215 | D74: CLIENT TRUST-MISC CLIENTS | E74: Customer cash | G74: -476643.16
C75: 25109218 | D75: CLIENT TRUST-ONLINE A/C | E75: Customer cash | G75: -7.9091369e+08
C76: 25109220 | D76: CLIENT TRUST-OTHERS | E76: Customer cash | G76: 0
C77: 25109223 | D77: CLIENT TRUST-UNIDENTIFIED FUND | E77: Customer cash | G77: -438928.16
C78: 25109229 | D78: SBL Client Cash Coll Trust | E78: Customer cash | G78: -142990000
C79: 25109230 | D79: SBL Rem Trading Coll Trust | E79: Customer cash | G79: -944.45
C80: 9999999_1 | D80: less Cash of non-bank customers as per GL | E80: Customer cash - Credit Balance | G80: 1.3677525e+08
C81: 9999999_2 | D81: add Cash of non-bank customers as_BRR343NV | E81: Customer cash - Credit Balance | G81: -1.3677525e+08
C82: 9999999_3 | D82: add cash deposit of SGDBU for TFEX | E82: Cash deposit of SGDBU for TFEX business | G82: -12062221
C83: 9999999_5 | D83: add cash deposit of SG for SBL | E83: Collateral for SBL business | G83: -1.5984073e+08
A84: 8 Total | G84: -2.3138775e+09
A85: 9 | B85: Deposit at TCH-Customers | C85: 15121001 | D85: Cash Coll-SGX ES HSE&SEC DEP | E85: Deposit at TCH-Customers | G85: 21170062
A86: 9 Total | G86: 21170062
A87: 10 | B87: Deposit for BTF&PB | C87: 15101510 | D87: ACU Deposits Receivable | E87: Deposit for BTF&PB | G87: 0
C88: 15120020 | D88: Deposit with Broker-Cust- Aff | E88: Deposit for BTF&PB | G88: 6.9008929e+08
C89: 9999999_4 | D89: less Deposit for BTF (of company's fund)_Cash Balance Control(BTF) | E89: Deposit for BTF_Borlor4/1 | G89: -948474.73
A90: 10 Total | G90: 6.8914082e+08
A91: 999 | B91: Not group | C91: 11021106 | D91: CASH IN TRANSIT | E91: nil | G91: 0
C92: 13201000 | D92: L&A to NB Cust | E92: nil | G92: 1.3761578e+09
C93: 14001000 | D93: Trading Quoted Invts | E93: nil | G93: 640
C94: 14004000 | D94: UnrealPL Held For Trading Quot | E94: nil | G94: 0
C95: 14031101 | D95: Corporate Bonds TRDG | E95: nil | G95: 0
C96: 15001000 | D96: Accrued Income | E96: nil | G96: 351400.74
C97: 15001006 | D97: Acc fee receivable | E97: nil | G97: 12337837
C98: 15002000 | D98: Accrued Fees Recd-Bank | E98: nil | G98: 0
C99: 15011000 | D99: Accrued Interest Receivable | E99: nil | G99: 7105050.7
C100: 15011500 | D100: AIR_BK | E100: nil | G100: 0
C101: 15019000 | D101: AIR-Others | E101: nil | G101: 0
C102: 15100000 | D102: A/C Rec'ble-Affiliate | E102: nil | G102: 1.7898687e+08
C103: 15100005 | D103: Broker ac-DBS Sec SG-aff | E103: nil | G103: 18801766
... C229: 15101232 | D229: Int Rec'ble-Margin Client | E229: nil | G229: 5907380.5
C230: 27001000 | D230: SP Prov Int-Create-NB | E230: nil
A231: 999 Total | G231: -4.8252646e+08

Sheet Result
J2: Q: ต้องการดึงข้อมูลจาก Pivot table โดยจับคำว่า Current Account, Trust Account, Saving Account สามารถดึงได้ไหมคะ
J3: Sheet Pivot | K3: Sheet Pivot | O3: Sheet Pivot
J4: ตรง Item 4 | K4: ตรง Item 5.1, 5.2, 5.3 | O4: ตรง Item 7
A5: Name | J5: Current | K5: Trust | L5: Term | O5: Saving
J6: Account | K6: Account | L6: Deposits | O6: Account | P6: Formula | Q6: Formula
A8: TSFC Securities Limited | P8: =SUM(G8:O8) -> 0 | Q8: =SUM(G8:O8) -> 0
A9: Bangkok Bank Public Company Limited | J9: 6084049.4 | K9: 2.2351742e-08 | L9: =SUMIF(Pivot!$E$47:$G$47,A9,Pivot!$E$47:$G$47) -> 0 | O9: 20136.84 | P9: =SUM(G9:O9) -> 6104186.2 | Q9: =SUM(G9:O9)-K9 -> 6104186.2
A10: CIMB Thai Bank Public Company Limited | J10: 7555 | K10: 0 | L10: =SUMIF(Pivot!$E$47:$G$47,A10,Pivot!$E$47:$G$47) -> 0 | O10: 1922335.4 | P10: =SUM(G10:O10) -> 1929890.4 | Q10: =SUM(G10:O10)-K10 -> 1929890.4
A11: Bank of Ayudhya Public Company Limited | J11: 8147794.7 | K11: 0 | L11: =SUMIF(Pivot!$E$47:$G$47,A11,Pivot!$E$47:$G$47) -> 0 | O11: 10281.59 | P11: =SUM(G11:O11) -> 8158076.3 | Q11: =SUM(G11:O11)-K11 -> 8158076.3
A12: Citibank N.A. | J12: 0 | K12: 0 | L12: =SUMIF(Pivot!$E$47:$G$47,A12,Pivot!$E$47:$G$47) -> 0 | O12: 1008633.2 | P12: =SUM(G12:O12) -> 1008633.2 | Q12: =SUM(G12:O12)-K12 -> 1008633.2
A13: United Overseas Bank (Thai) Public Company Limited | J13: 0 | K13: 1.3800935e+09 | L13: =SUMIF(Pivot!$E$47:$G$47,A13,Pivot!$E$47:$G$47) -> 0 | O13: 72340888 | P13: =SUM(G13:O13) -> 1.4524344e+09 | Q13: =SUM(G13:O13)-K13 -> 72340888
A14: Thanachart Bank Public Company Limited | J14: 1000 | K14: 0 | L14: =SUMIF(Pivot!$E$47:$G$47,A14,Pivot!$E$47:$G$47) -> 0 | O14: 5568207 | P14: =SUM(G14:O14) -> 5569207 | Q14: =SUM(G14:O14)-K14 -> 5569207
A15: Deutsche Bank | J15: 0 | K15: 0 | L15: =SUMIF(Pivot!$E$47:$G$47,A15,Pivot!$E$47:$G$47) -> 0 | O15: 0 | P15: =SUM(G15:O15) -> 0 | Q15: =SUM(G15:O15)-K15 -> 0
A16: The Hongkong and Shanghai Banking Coporation Limited | J16: 100000 | K16: 0 | L16: =SUMIF(Pivot!$E$47:$G$47,A16,Pivot!$E$47:$G$47) -> 0 | O16: 837667.83 | P16: =SUM(G16:O16) -> 937667.83 | Q16: =SUM(G16:O16)-K16 -> 937667.83
A17: Siam City Bank Public Company Limited | J17: 0 | K17: 0 | L17: =SUMIF(Pivot!$E$47:$G$47,A17,Pivot!$E$47:$G$47) -> 0 | O17: 0 | P17: =SUM(G17:O17) -> 0 | Q17: =SUM(G17:O17)-K17 -> 0
A18: Krung Thai Bank Public Company Limited | J18: 6293330 | K18: 0 | L18: =SUMIF(Pivot!$E$47:$G$47,A18,Pivot!$E$47:$G$47) -> 0 | O18: 1000 | P18: =SUM(G18:O18) -> 6294330 | Q18: =SUM(G18:O18)-K18 -> 6294330
A19: Siam Commercial Bank Public Company Limited | J19: 7372509.5 | K19: 887600 | L19: =SUMIF(Pivot!$E$47:$G$47,A19,Pivot!$E$47:$G$47) -> 0 | O19: 30352457 | P19: =SUM(G19:O19) -> 38612566 | Q19: =SUM(G19:O19)-K19 -> 37724966
A20: Standard Chartered Bank (Thai) Public Company Limited | J20: 100000 | K20: 16355147 | L20: =SUMIF(Pivot!$E$47:$G$47,A20,Pivot!$E$47:$G$47) -> 0 | O20: 35010945 | P20: =SUM(G20:O20) -> 51466091 | Q20: =SUM(G20:O20)-K20 -> 35110945
... A22: TMB Bank Public Company Limited | J22: 6950826.5 | K22: 63.32 | L22: =SUMIF(Pivot!$E$47:$G$47,A22,Pivot!$E$47:$G$47) -> 0 | O22: 10465922 | P22: =SUM(G22:O22) -> 17416812 | Q22: =SUM(G22:O22)-K22 -> 17416748
Q23: =SUM(G23:O23) -> 0
A58: TOTAL | J58: =SUM(J8:J57) -> 46996920 | K58: =SUM(K8:K57) -> 1.6035666e+09 | L58: =SUM(L8:L57) -> 0 | O58: =SUM(O8:O57) -> 1.5754847e+08 | P58: =SUM(P8:P57) -> 1.808112e+09 | Q58: =SUM(Q8:Q57) -> 2.0454539e+08
J59: =GETPIVOTDATA("Sum of Net Company Amt",Pivot!$A$3,"Item",4) -> 46899099 | K59: =GETPIVOTDATA("Sum of Net Trust Amt",Pivot!$A$3,"Item",5.1)+GETPIVOTDATA("Sum of Net Trust Amt",Pivot!$A$3,"Item",5.2)+GETPIVOTDATA("Sum of Net Trust Amt",Pivot!$A$3,"Item",5.3) -> 1.6035666e+09 | O59: =GETPIVOTDATA("Sum of Net Company Amt",Pivot!$A$3,"Item",5.1)+GETPIVOTDATA("Sum of Net Company Amt",Pivot!$A$3,"Item",5.3)+GETPIVOTDATA("Sum of Net Company Amt",Pivot!$A$3,"Item",7) -> 1.5764629e+08
J60: =J58-J59 -> 97820.74 | K60: =K58-K59 -> 0 | O60: =O58-O59 -> -97820.74
